Map: Alcyone LE

Players

SkrechingEmu

  • Race: Protoss Protoss
  • Spawn Location: 1:00

Subwayeatn - Winner!

  • Race: Zerg Zerg
  • League: Gold
  • Spawn Location: 7:00

VOD

Have the link to the VOD?

Description

Time

  • Played on: Oct. 15, 2023, 10:28 p.m.
  • Length: 11:21
Show
View Real Time Build Order
Export as new Build Order

SkrechingEmu Protoss 

Build Orders:  

Get SALT Encoding   

  12  0:02  Probe  
  13  0:16  Pylon  
  13  0:37  Gateway  
  13  0:47  Probe  
  14  0:53  Assimilator  
  14  1:04  Pylon  
  14  1:11  Forge  
  14  1:15  Gateway  
  14  1:17  Probe  
  15  1:28  Zealot  
  15  1:29  Probe  
  18  1:47  Probe  
  19  1:55  Zealot  
  21  2:08  Photon Cannon  
  21  2:22  Zealot  
  23  2:23  Cybernetics Core  
  23  2:25  Pylon  
  23  2:27  Probe  
  24  2:30  Zealot  
  26  2:39  Probe  
  23  3:31  Probe  
  23  3:39  Stalker  
  23  3:40  Stalker  
  27  3:54  Assimilator  
  27  4:08  Nexus  
  27  4:09  Stalker  
  29  4:10  Stalker  
  29  4:17  Warp Gate  
  31  4:26  Protoss Ground Weapons Level 1  
  31  4:39  Stalker  
  31  4:40  Stalker  
  35  5:08  Probe  
  35  5:11  Sentry  
  38  5:19  Zealot  
  38  5:20  Probe  
  41  5:29  Pylon  
  41  5:32  Pylon, Probe  
  42  5:39  Pylon  
  42  5:42  Pylon  
  42  5:51  Probe  
  43  6:03  Probe  
  44  6:15  Probe  
  45  6:18  Stalker  
  45  6:20  Stalker  
  49  6:27  Probe  
  50  6:39  Probe  
  51  7:06  Photon Cannon  
  51  7:07  Photon Cannon  
  51  7:09  Photon Cannon  
  43  7:18  Stalker  
  33  7:23  Stalker  
  35  7:53  Robotics Facility  
  35  7:55  Twilight Council  
  35  7:57  Probe  
  35  8:09  Probe  
  36  8:14  Assimilator x2  
  36  8:21  Probe  
  36  8:24  Stalker x2  
  41  8:33  Probe  
  42  8:45  Probe  
  43  8:50  Robotics Bay  
  43  8:55  Warp Prism  
  45  9:20  Robotics Facility  
  45  9:22  Stalker  
  45  9:23  Stalker  
  49  9:34  Gateway  
  49  9:36  Gateway  
  49  9:38  Gateway  
  49  9:44  Gateway  
  39  9:59  Zealot  
  25  10:00  Zealot  
Show
View Real Time Build Order
Export as new Build Order

Subwayeatn Zerg - Winner!

Build Orders: Hatch First 

Get SALT Encoding   

  12  0:00  Drone  
  13  0:13  Overlord  
  13  0:21  Drone  
  14  0:31  Drone x2  
  16  0:49  Hatchery  
  15  0:55  Drone  
  15  0:56  Drone  
  17  1:00  Extractor  
  17  1:04  Drone  
  17  1:17  Spawning Pool  
  16  1:23  Drone  
  16  1:24  Drone  
  18  1:36  Drone  
  18  1:39  Drone  
  20  1:50  Overlord  
  20  2:04  Queen  
  20  2:05  Queen  
  20  2:07  Metabolic Boost  
  24  2:16  Zergling x6  
  27  2:30  Baneling Nest  
  27  2:31  Drone x2  
  28  2:39  Drone x2  
  30  2:48  Zergling x4  
  32  2:58  Drone x3  
  34  3:32  Drone x2  
  34  3:33  Overlord  
  36  3:36  Overlord  
  36  3:43  Lair  
  36  3:46  Extractor  
  36  3:47  Extractor  
  36  3:48  Extractor, Queen  
  33  3:49  Hatchery  
  34  3:59  Drone x7  
  34  4:00  Drone  
  42  4:08  Evolution Chamber  
  41  4:12  Evolution Chamber  
  40  4:22  Overlord  
  40  4:27  Overlord  
  40  4:28  Overlord  
  38  4:35  Baneling x2  
  38  4:48  Drone x7  
  45  4:53  Centrifugal Hooks  
  45  4:59  Zerg Melee Weapons Level 1  
  43  5:07  Zerg Ground Armor Level 1  
  43  5:17  Queen  
  45  5:21  Overlord  
  45  5:23  Zergling x2  
  45  5:26  Zergling x2  
  47  5:37  Drone x6  
  53  5:45  Baneling  
  53  5:47  Baneling  
  53  5:53  Overlord  
  53  6:01  Zergling x2  
  54  6:08  Drone x2  
  54  6:09  Drone x10  
  66  6:28  Zergling x18  
  66  6:29  Zergling x2  
  76  6:33  Queen  
  77  6:40  Spine Crawler  
  77  6:45  Zergling x4  
  77  6:46  Zergling x8  
  82  6:58  Spire  
  82  7:00  Extractor  
  82  7:01  Extractor, Drone  
  73  7:18  Zerg Melee Weapons Level 2, Zerg Ground Armor Level 2  
  71  7:38  Overlord x3  
  71  7:49  Overlord x2, Hatchery  
  70  7:53  Zergling x22  
  70  7:54  Zergling x16  
  89  8:01  Pneumatized Carapace  
  89  8:37  Overlord  
  89  8:38  Mutalisk  
  89  8:39  Mutalisk x16  
  89  8:40  Mutalisk  
  125  8:47  Baneling x2  
  125  8:48  Baneling x4  
  125  8:51  Overlord  
  125  8:52  Overlord  
  125  8:53  Overlord  
  125  9:14  Queen  
  127  9:18  Drone  
  127  9:19  Drone x13  
  141  9:26  Mutalisk  
  141  9:27  Mutalisk x3  
  127  10:59  Hatchery  
  126  11:13  Hatchery  
  126  11:16  Hatchery  
  124  11:19  Hatchery  
Tags
 
League
Gold
Matchup
PvZ
Replay Pack
Multiplayer
Spawn Locations
Cross Positions
Add a new tag
Caveats
  • Supply blocks, unpowered buildings, or Contaminate may cause inaccurate times.
  • Supply counts are checked every 10 seconds.